 Dungeon Crawl Stone Soup version 0.22-a0-423-g4197694 (webtiles) character file.

10245 ohad the Carver (level 11, -4/84 HPs)
             Began as a Demonspawn Gladiator on May 23, 2018.
             Was an Initiate of Gozag.
             Slain by an unseen horror (10 damage)
             ... on level 10 of the Dungeon.
             The game lasted 00:38:19 (13541 turns).

ohad the Carver (Demonspawn Gladiator)             Turns: 13541, Time: 00:38:20

Health: -4/84      AC: 10    Str: 16    XL:     11   Next: 33%
Magic:  20/20      EV: 18    Int: 10    God:    Gozag
Gold:   719        SH:  3    Dex: 21    Spells: 10/10 levels left

rFire    + . .     SeeInvis .   O - +0 great sword
rCold    + . .     Gourm    .   (shield currently unavailable)
rNeg     . . .     Faith    .   g - +0 ring mail
rPois    +         Spirit   .   (helmet restricted)
rElec    +         Reflect  +   (no cloak)
rCorr    +         Harm     .   h - +0 pair of gloves
MR       .....                  (no boots)
Stlth    ++++......             L - +3 amulet of reflection
HPRegen  0.24/turn              C - ring of magical power
MPRegen  0.17/turn              J - ring of wizardry

@: agile, resistant, flying, hasted, very quick
A: horns 1, slimy green scales 2, demonic guardian 1, nightstalker 2
a: Potion Petition, Call Merchant, Bribe Branch, Renounce Religion


You were on level 10 of the Dungeon.
You worshipped Gozag.
Gozag was pleased with you.
You were not hungry.

You visited 1 branch of the dungeon, and saw 10 of its levels.
You also visited: Ossuary.

You collected 2351 gold pieces.
You spent 420 gold pieces at shops.
You paid 1212 gold pieces to Gozag.

Inventory:

Hand Weapons
 a - a +0 long sword
 m - a +1 dagger of holy wrath
 y - a +1 hunting sling of freezing
 K - the +5 dagger of Vyluh {elec, rC+ Str+2}
   (You found it on level 4 of the Dungeon)

   Occasionally, upon striking a foe, it will discharge some electrical energy
   and cause terrible harm.
   It affects your strength (+2).
   It protects you from cold.
 O - a +0 great sword (weapon)
 P - a +0 arbalest
Missiles
 j - 16 bolts
 n - 60 poisoned needles
 M - 7 tomahawks (quivered)
Armour
 b - a +0 leather armour
 d - a +0 plate armour
 g - a +0 ring mail (worn)
 h - a +0 pair of gloves (worn)
 r - a +0 chain mail
Jewellery
 q - an uncursed ring of ice
 u - an uncursed ring of fire
 C - a ring of magical power (left hand)
 D - an uncursed ring of magical power
 J - a ring of wizardry (right hand)
 L - a +3 amulet of reflection (around neck)
 N - a +4 amulet of reflection
 R - a +2 ring of strength {unknown}
Wands
 c - a wand of polymorph (10)
 x - a wand of clouds (5)
 Q - a wand of digging (10)
Scrolls
 k - 4 scrolls of identify
 o - 4 scrolls of remove curse
 p - a scroll of fear {unknown}
 s - a scroll of random uselessness {unknown}
 t - 2 scrolls of blinking {unknown}
 w - a scroll of magic mapping {unknown}
 A - a scroll of fog
 E - 2 scrolls of enchant weapon {unknown}
 F - a scroll of immolation {unknown}
 G - 2 scrolls of amnesia {unknown}
Potions
 e - 2 potions of curing
 i - 4 potions of ambrosia
 l - a potion of haste
 v - 2 potions of might
 B - 4 potions of degeneration
 H - 2 potions of brilliance
Comestibles
 f - 4 rations


   Skills:
 - Level 7.0 Fighting
 - Level 13.6 Long Blades
 - Level 1.7 Throwing
 - Level 5.5 Armour
 + Level 3.8 Dodging


You had 10 spell levels left.
You didn't know any spells.
Your spell library contained the following spells:

 Spells                   Type           Power        Failure   Level  Hunger
 Magic Dart               Conj           #...         26%         1    ##.....
 Conjure Flame            Conj/Fire      #.......     58%         3    ####...
 Slow                     Hex            #.......     38%         2    ###....
 Confuse                  Hex            #.......     58%         3    ####...
 Mephitic Cloud           Conj/Pois/Air  #.......     58%         3    ####...
 Blink                    Tloc           N/A          38%         2    ###....
 Call Imp                 Summ           #.......     38%         2    ###....
 Tukima's Dance           Hex            #.......     58%         3    ####...
 Ensorcelled Hibernation  Hex/Ice        #.....       38%         2    ###....
 Corona                   Hex            #......      26%         1    ##.....
 Dazzling Spray           Conj/Hex       #.....       58%         3    ####...


Dungeon Overview and Level Annotations

Branches:
Dungeon (10/15)            Temple (0/1) D:4             Orc (0/2) D:10
   Lair: D:8-11

Altars:
Elyvilon
Fedhas
Gozag
Hepliaklqana
Kikubaaqudgha
Makhleb
Okawaru
Qazlal
Sif Muna
Uskayaw
Wu Jian
Yredelemnul
The Shining One

Shops:
D:6 *(!(*=


Innate Abilities, Weirdness & Mutations

You have a pair of small horns on your head.
You are mostly covered in slimy green scales. (AC +3)
A weak demonic guardian rushes to your aid.
You are significantly more attuned to the shadows.


Message History

You no longer have enough gold to fund merchants seeking to open stores in the dungeon.
You feel as though your hastened speed will last longer.
You feel agile all of a sudden.
You feel very buoyant.
You fly up into the air.
You feel protected. Something closely misses you. You block something's attack.
Something barely misses you.
You see here a morningstar.
You swap places.
Something barely misses your quasit. Something closely misses your quasit.
Something barely misses your quasit.
Things that are here:
a leather armour; a scale mail; a short sword Unknown command.
Something hits your quasit. x2
Your quasit bites something but does no damage.
Your quasit claws something but does no damage.
Your quasit claws something.
Something hits you but does no damage. Something hits you!
You die...
Your body crumbles into a pile of gold.

#[# #...# #####.# #....
..##(# #...# #.##[#
#...# ##.##)# ###...#
####...#!#######..5...
.....))5)(.l..5......$
####.5{#.{..o....##..#
######@####...........#
.........$..###...##..#
# #####.####..#
#.#o##... # #. #.#
##......:..... # #. #.#
#.....P...... #. #.#
#.P.P..≈≈P... #. #.#
#%.... #.######.#
#........#


You could see a friendly quasit and a friendly shadow imp.

Vanquished Creatures
  A two-headed ogre (D:10)
  An ugly thing (D:9)
  A manticore (D:10)
  Maurice (D:10)
  Psyche (D:7)
  A centaur skeleton (D:10)
  A gargoyle (D:10)
  Grinder (D:6)
  A slime creature (D:10)
  2 hippogriffs
  Sigmund (D:2)
  3 yaks (D:10)
  A vampire (D:10)
  A spriggan (D:7)
  Grum (D:8)
  A hungry ghost (D:7)
  2 water moccasins
  4 orc warriors
  4 ice beasts
  A necrophage (D:9)
  5 sky beasts
  4 ogres
  A black bear (D:9)
  2 wolves (D:7)
  2 centaurs
  2 big kobolds
  A wyvern zombie (D:8)
  7 bullfrogs
  3 scorpions
  A water moccasin skeleton (D:8)
  6 killer bees
  3 wights (D:7)
  4 howler monkeys
  4 crimson imps
  4 bullfrog zombies
  3 jellies
  7 hounds
  2 quasits
  9 orc priests
  10 orc wizards
  An iguana (D:9)
  Jessica (D:2)
  10 mummies (Ossuary)
  5 worker ants
  A killer bee zombie (Ossuary)
  3 hound zombies (Ossuary)
  A hound skeleton (D:5)
  6 worker ant zombies
  3 gnolls
  2 river rats (D:5)
  15 adders
  3 shadow imps
  2 oozes
  3 adder zombies (Ossuary)
  2 adder skeletons (D:5)
  3 worms
  A dart slug (D:1)
  11 leopard geckos
  40 orcs
  2 ball pythons
  2 bats
  3 giant cockroaches
  8 goblins
  9 hobgoblins
  10 jackals
  3 quokkas
  A ball python zombie (Ossuary)
  3 frilled lizards
  A giant cockroach zombie (Ossuary)
  A jackal skeleton (D:5)
  14 kobolds
  A quokka skeleton (D:7)
  A quokka zombie (Ossuary)
  11 rats
293 creatures vanquished.

Vanquished Creatures (collateral kills)
  A wyvern (D:8)
  An ogre (D:6)
  A scorpion (D:4)
  4 killer bees
  A hound (D:10)
  A centaur skeleton (D:4)
  A worker ant (D:9)
  An adder (D:8)
  6 orcs
  A bat (D:4)
  A kobold (D:8)
19 creatures vanquished.

Vanquished Creatures (others)
  3 fungi (D:10)
  2 withered plants (Ossuary)
5 creatures vanquished.

Grand Total: 317 creatures vanquished

Notes
Turn   | Place    | Note
-------+----------+-------------------------------------------
     0 | D:1      | ohad the Demonspawn Gladiator began the quest for the Orb.
     0 | D:1      | Reached XP level 1. HP: 16/16 MP: 1/1
    40 | D:1      | Reached skill level 3 in Long Blades
   231 | D:1      | Gained mutation: You have a pair of small horns on your head. [demonic ancestry]
   231 | D:1      | Reached XP level 2. HP: 21/22 MP: 2/2
   820 | D:2      | Found a hide-covered altar of Uskayaw.
   875 | D:1      | Gained mutation: You are partially covered in slimy green scales. (AC +2) [demonic ancestry]
   875 | D:1      | Reached XP level 3. HP: 20/27 MP: 3/3
  1067 | D:2      | Reached skill level 4 in Long Blades
  1209 | D:2      | Noticed Jessica
  1213 | D:2      | Killed Jessica
  1213 | D:2      | Gained mutation: A weak demonic guardian rushes to your aid. [demonic ancestry]
  1213 | D:2      | Reached XP level 4. HP: 18/33 MP: 4/4
  1367 | D:2      | Noticed Sigmund
  1998 | D:3      | Found an opulent altar of Gozag.
  2038 | D:3      | Reached skill level 5 in Long Blades
  2116 | D:3      | Became a worshipper of Gozag Ym Sagoz the Greedy
  2188 | D:3      | Reached XP level 5. HP: 35/38 MP: 5/5
  3022 | D:4      | Reached skill level 6 in Long Blades
  3038 | D:4      | Found a staircase to the Ecumenical Temple.
  3049 | D:4      | Gained mutation: You are slightly more attuned to the shadows. [demonic ancestry]
  3049 | D:4      | Reached XP level 6. HP: 39/44 MP: 6/6
  3904 | D:4      | Reached skill level 7 in Long Blades
  4238 | D:5      | Entered Level 5 of the Dungeon
  4270 | D:5      | Found a blossoming altar of Fedhas.
  4375 | D:5      | Gained mutation: You are mostly covered in slimy green scales. (AC +3) [demonic ancestry]
  4375 | D:5      | Reached XP level 7. HP: 34/50 MP: 7/7
  4896 | D:5      | Reached skill level 8 in Long Blades
  5154 | D:5      | Found an iron altar of Okawaru.
  5587 | D:6      | Found Delixac's Antique Weapon Shoppe.
  5599 | D:6      | Reached skill level 9 in Long Blades
  5599 | D:6      | Reached XP level 8. HP: 43/56 MP: 8/8
  5656 | D:6      | Found Waong's Antique Weapon Boutique.
  5669 | D:6      | Found Coomm's Commerce Corner.
  5672 | D:6      | Noticed Grinder
  5690 | D:6      | Paralysed by Grinder for 4 turns
  5700 | D:6      | Killed Grinder
  5826 | D:6      | Found Rimewin's Distillery.
  5834 | D:6      | Bought a potion of heal wounds for 75 gold pieces
  5834 | D:6      | Bought a potion of curing for 45 gold pieces
  5834 | D:6      | Bought a potion of haste for 150 gold pieces
  5834 | D:6      | Bought 2 potions of curing for 90 gold pieces
  5985 | D:6      | Found a sand-covered staircase.
  6015 | Ossuary  | Entered an ossuary
  6288 | Ossuary  | Reached skill level 10 in Long Blades
  6899 | D:6      | Found Buhank's Jewellery Emporium.
  7188 | D:6      | Found Nubri's Assorted Antiques.
  7218 | D:6      | Bought a scroll of identify for 60 gold pieces
  8058 | D:4      | Got an ichor-stained dagger
  8059 | D:4      | Identified the +5 dagger of Vyluh {elec, rC+ Str+2} (You found it on level 4 of the Dungeon)
  8161 | D:2      | Killed Sigmund
  8161 | D:2      | Reached skill level 11 in Long Blades
  8161 | D:2      | Reached XP level 9. HP: 56/61 MP: 9/9
  8458 | D:7      | Found a stormy altar of Qazlal.
  8707 | D:7      | Reached skill level 12 in Long Blades
  9950 | D:8      | Reached skill level 13 in Long Blades
 10001 | D:8      | Noticed Grum
 10019 | D:7      | Gained mutation: You are significantly more attuned to the shadows. [demonic ancestry]
 10019 | D:7      | Reached XP level 10. HP: 49/67 MP: 10/10
 10113 | D:8      | Killed Grum
 10137 | D:8      | Noticed Psyche
 10161 | D:7      | Killed Psyche
 10581 | D:8      | Found an ornate altar of the Wu Jian Council.
 10582 | D:8      | Found a hazy altar of Hepliaklqana.
 10582 | D:8      | Found a burning altar of Makhleb.
 10582 | D:8      | Found a deep blue altar of Sif Muna.
 10583 | D:8      | Found an ancient bone altar of Kikubaaqudgha.
 10585 | D:8      | Found a glowing golden altar of the Shining One.
 10937 | D:9      | Found a basalt altar of Yredelemnul.
 11256 | D:9      | Reached skill level 5 in Fighting
 11442 | D:9      | Noticed a brown ugly thing
 11449 | D:9      | Killed a brown ugly thing
 11746 | D:9      | Found a white marble altar of Elyvilon.
 11898 | D:9      | Reached skill level 1 in Armour
 12102 | D:10     | Entered Level 10 of the Dungeon
 12596 | D:10     | Noticed a gargoyle
 12612 | D:10     | Reached XP level 11. HP: 84/84 MP: 11/11
 12623 | D:10     | Noticed a two-headed ogre
 12624 | D:10     | Noticed a green ugly thing
 12625 | D:10     | Noticed a tengu warrior
 12688 | D:10     | Killed a two-headed ogre
 13045 | D:10     | Noticed Maurice
 13055 | D:10     | Reached skill level 5 in Armour
 13227 | D:10     | Killed Maurice
 13506 | D:10     | Found a staircase to the Orcish Mines.
 13535 | D:10     | HP: 4/84 [something (10)]
 13541 | D:10     | Slain by an unseen horror

Vault maps used:
D:1:      shiori_arrival_oz, solitary_fountain, minmay_pentomino_x2
D:2:      nicolae_overflow_hidden_temple, lemuel_round_altar, first_ration,
          minmay_split_cup_large, uniq_jessica, uniq_sigmund
D:3:      nicolae_gozag_cash_rules_everything_around_me, skrybe_limestone_x
D:4:      minmay_temple_entry_crystal_x
D:5:      okawaru_ov_weapons_minmay, overflow_temple_1_default,
          gup_sewer_entry_spiral
D:6:      nicolae_ossuary_entry_ruins, serial_shops,
          nicolae_shop_overgrown_old_shop, kennysheep_mini, shop,
          nicolae_shop_stone, shop, amethyst_killhole, nicolae_water_bricks,
          st_stairs_3, nrook_mini_backslash, minmay_misc_feat_alley,
          minmay_misc_feat_chi, nicolae_alphabet_shops, due_unseen_surprise,
          uniq_grinder
D:7:      the_bakery, grunt_qazlal_clouds
D:8:      minitemple, uniq_psyche, uniq_grum
D:9:      elyvilon_altar_5, overflow_temple_1_default, grunt_ministairs_2
D:10:     hiddenorc2_lemuel, fungi_pond_lemuel, minivault_28, uniq_maurice
Ossuary:  ossuary_zaba_flooded

Skill      XL: |  1  2  3  4  5  6  7  8  9 10 11 |
---------------+----------------------------------+-----
Long Blades    | 3 4 5 6 7 9 11 13 | 13.6
Fighting       | 7 |  7.0
Armour         | 3 5 |  5.5
Dodging        | 3 |  3.8
Throwing       | |  1.7

Action                   |  1- 3 |  4- 6 |  7- 9 | 10-12 || total
-------------------------+-------+-------+-------+-------++-------
Melee: Long sword        |    76 |   176 |   341 |       ||   593
       Headbutt          |    12 |    24 |    99 |   107 ||   242
       Dagger            |       |       |   169 |   308 ||   477
       Great sword       |       |       |       |    80 ||    80
       Unarmed           |       |       |       |     3 ||     3
Throw: Throwing net      |     4 |       |     7 |       ||    11
       Tomahawk          |       |       |       |     1 ||     1
Invok: Potion Petition   |       |     1 |       |     2 ||     3
  Use: Scroll            |     4 |     4 |     5 |     5 ||    18
       Potion            |       |       |     5 |    11 ||    16
 Stab: Held in net/web   |     1 |       |     4 |       ||     5
       Distracted        |       |     1 |     1 |     4 ||     6
       Sleeping          |       |       |     4 |     2 ||     6
  Eat: Chunk             |     1 |     3 |       |       ||     4
       Ration            |       |     2 |     6 |     4 ||    12
Armor: Ring mail         |    34 |   111 |   143 |   111 ||   399
       Skin              |       |       |       |     2 ||     2
Dodge: Dodged            |    54 |   131 |   233 |   152 ||   570
Block: Other             |       |       |     3 |    38 ||    41
       Reflection        |       |       |       |     1 ||     1
       Rpst.: Long sword |    22 |    34 |    48 |       ||   104
       Great sword       |       |       |       |    13 ||    13

Table legend:
 A = Spawn XP
 B = Non-spawn XP
 C = Spawn XP percentage of total XP
 D = Spawn monster count
 E = Non-spawn monster count
 F = Spawn count percentage of total count
 G = Total turns spent on level
                    A         B        C        D         E        F      G
               +---------+---------+-------+---------+---------+-------+---------
         Total |       0 |   14636 |   0.0 |       0 |     312 |   0.0 | 13541
               +---------+---------+-------+---------+---------+-------+---------
           D:1 |       0 |      43 |   0.0 |       0 |      18 |   0.0 |   893
           D:2 |       0 |     322 |   0.0 |       0 |      20 |   0.0 |   907
           D:3 |       0 |     248 |   0.0 |       0 |      28 |   0.0 |  1313
           D:4 |       0 |     494 |   0.0 |       0 |      15 |   0.0 |  1652
           D:5 |       0 |     667 |   0.0 |       0 |      29 |   0.0 |  1376
           D:6 |       0 |     731 |   0.0 |       0 |      22 |   0.0 |  1363
           D:7 |       0 |    2698 |   0.0 |       0 |      36 |   0.0 |  1754
           D:8 |       0 |    1547 |   0.0 |       0 |      34 |   0.0 |   770
           D:9 |       0 |    2847 |   0.0 |       0 |      42 |   0.0 |  1663
          D:10 |       0 |    4456 |   0.0 |       0 |      41 |   0.0 |  1048
       Ossuary |       0 |     583 |   0.0 |       0 |      27 |   0.0 |   802
               +---------+---------+-------+---------+---------+-------+---------
